 Dungeon Crawl Stone Soup version 0.19.0-18-g426998a (webtiles) character file.

58 dysrexia the Sneak (level 3, 0/14 HPs)
             Began as a Felid Wizard on Nov 11, 2016.
             Succumbed to an adder's poison
             ... on level 2 of the Dungeon.
             The game lasted 00:07:32 (2363 turns).

dysrexia the Sneak (Felid Wizard)                   Turns: 2363, Time: 00:07:33

Health: 0/14       AC:  1    Str:  1 (3)  XL:     3   Next: 75%
Magic:  4/8        EV: 17    Int: 18 (19) God:
Gold:   57         SH:  0    Dex: 12 (15) Spells: 4 memorised, 0 levels left
                                        Lives:  0   Deaths: 0

rFire  . . .     SeeInvis +     (weapon unavailable)
rCold  . . .     Gourm    .     (armour unavailable)
rNeg   . . .     Faith    .     (shield unavailable)
rPois  .         Spirit   .     (helmet unavailable)
rElec  .         Reflect  .     (cloak unavailable)
rCorr  .         Harm     .     (gloves unavailable)
MR     .....                    (boots unavailable)
Stlth  +++.......               (no amulet)
                                (no ring)
                                (no ring)

@: lethally poisoned (0 -> -10), quick
A: no armour, no weapons or thrown items, stealth, claws 1, fangs 3, see
invisible, carnivore 3, speed 1, shaggy fur 1, slow metabolism 1, sharp paws
a: no special abilities


You were on level 2 of the Dungeon.
You were completely stuffed.

You visited 1 branch of the dungeon, and saw 2 of its levels.

You collected 57 gold pieces.

Inventory:

Jewellery
 c - an uncursed ring of magical power {unknown}
Scrolls
 d - 3 scrolls of identify {unknown}
 e - a scroll of remove curse {unknown}
Potions
 g - a potion of heal wounds {unknown}
Books
 a - a book of Minor Magic

   Spells                             Type                      Level
   a - Magic Dart                     Conjuration                  1
   b - Blink                          Translocation                2
   c - Call Imp                       Summoning                    2
   d - Repel Missiles                 Charms/Air                   2
   e - Slow                           Hexes                        2
   f - Conjure Flame                  Conjuration/Fire             3
   g - Mephitic Cloud                 Conjuration/Poison/Air       3
Comestibles
 b - 2 meat rations
 h - a chunk of flesh


   Skills:
 - Level 2.6 Dodging
 + Level 4.1 Stealth
 - Level 3.0 Spellcasting
 * Level 2.5 Conjurations
 - Level 1.0 Summonings
 - Level 1.5 Translocations
 + Level 0.0 Air Magic
 + Level 0.5 Poison Magic


You couldn't memorise any spells.
You knew the following spells:

 Your Spells              Type           Power        Failure   Level  Hunger
a - Magic Dart            Conj           ##..         8%          1    None
b - Blink                 Tloc           N/A          14%         2    ##.....
c - Call Imp              Summ           #.......     17%         2    ##.....
d - Mephitic Cloud        Conj/Pois/Air  #.......     34%         3    ###....


Dungeon Overview and Level Annotations

Branches:
Dungeon (2/15)

Altars:
Vehumet


Innate Abilities, Weirdness & Mutations

You cannot wear armour.
You are incapable of wielding weapons or throwing items.
Your paws allow you to move quietly. (Stealth)
You have sharp claws.
You have razor-sharp teeth.
You have supernaturally acute eyesight. (SInv)
You are carnivorous and can eat meat at any time.
You cover ground quickly.
You are covered in fur. (AC +1)
You have a slow metabolism.
Your sharp claws are effective at attacking unaware monsters.


Message History

Aim: an adder (severely wounded)
The magic dart hits the adder.
The adder is almost dead.
The adder bites you.
* * * LOW HITPOINT WARNING * * *
Casting: Magic Dart
Confirm with . or Enter, or press ? or * to list all spells.
Aiming: Magic Dart
Press: ? - help, Shift-Dir - straight line, f/p - adder
Aim: an adder (almost dead)
The magic dart hits the adder.
The adder is almost dead.
The adder misses you. The adder bites you.
* * * LOW HITPOINT WARNING * * *
You are lethally poisoned!
The adder poisons you!
It was a potion of degeneration.
There was something very wrong with that liquid.
You feel weakened.
You feel dopey.
You feel clumsy.
You die...

.. ####.# ..#.#
.# ##.#.# ...
....# #.. #..#
#####
.###.###.###....#
..#...#....@S#
..._....######.#
.#...#..........
# ##.###.########
...#...#..#
..........#
..###..### #.##
#.#


You could see an adder.

Vanquished Creatures
  An adder (D:2)
  2 dart slugs
  5 bats (D:1)
  4 giant cockroaches (D:1)
  5 goblins (D:1)
  5 hobgoblins
  3 jackals (D:1)
  5 kobolds
  A ball python (D:1)
  2 frilled lizards
  7 rats (D:1)
40 creatures vanquished.

Notes
Turn   | Place    | Note
-------+----------+-------------------------------------------
     0 | D:1      | dysrexia the Felid Wizard began the quest for the Orb.
     0 | D:1      | Reached XP level 1. HP: 7/7 MP: 5/5
    34 | D:1      | Reached skill level 1 in Conjurations
   214 | D:1      | Reached skill level 3 in Stealth
   325 | D:1      | Reached XP level 2. HP: 11/11 MP: 4/7
  1218 | D:1      | Reached XP level 3. HP: 14/14 MP: 2/8
  1636 | D:1      | Reached skill level 4 in Stealth
  1839 | D:1      | Learned a level 2 spell: Blink
  1842 | D:1      | Learned a level 2 spell: Call Imp
  1846 | D:1      | Learned a level 3 spell: Mephitic Cloud
  2347 | D:2      | Found a radiant altar of Vehumet.
  2363 | D:2      | Succumbed to an adder's poison

Skill      XL: |  1  2  3 |
---------------+----------+-----
Conjurations   | 1 2 |  2.5
Stealth        | 3 4 |  4.1
Dodging        | |  2.6
Spellcasting   | |  3.0
Summonings     | |  1.0
Translocations | |  1.5
Poison Magic   | |  0.5

Action                   || total
-------------------------++-------
Melee: Unarmed           ||    25
       Bite              ||     3
 Cast: Magic Dart        ||   101
  Use: Potion            ||     1
 Stab: Sleeping          ||     1
  Eat: Chunk             ||    10
Armor: Skin              ||     4
Dodge: Dodged            ||    45
